 Dungeon Crawl Stone Soup version 0.23-a0-46-g8441a8a (webtiles) character file.

15 BigChef the Insei (level 2, 0/24 HPs)
             Began as a Demonspawn Chaos Knight on Aug 5, 2018.
             Slain by a gnoll
             ... wielding a +0 halberd
              (4 damage)
             ... on level 1 of the Dungeon.
             The game lasted 00:02:24 (584 turns).

BigChef the Insei (Demonspawn Chaos Knight)          Turns: 584, Time: 00:02:25

Health: 0/24       AC:  5    Str: 12    XL:     2   Next: 34%
Magic:  2/2        EV: 10    Int: 13    God:    Xom [..*...]
Gold:   12         SH:  0    Dex: 12    Spells: 1/1 levels left

rFire    . . .     SeeInvis .     - Unarmed
rCold    + . .     Gourm    .   (no shield)
rNeg     . . .     Faith    .   c - +0 ring mail
rPois    .         Spirit   .   (no helmet)
rElec    .         Reflect  .   (no cloak)
rCorr    .         Harm     .   (no gloves)
MR       .....                  (no boots)
Stlth    ++........             (no amulet)
HPRegen  0.08/turn              f - ring of protection from cold
MPRegen  0.08/turn              (no ring)

@: liquefying, slowed movement, very slow
A: nightstalker 1
a: Renounce Religion


You were on level 1 of the Dungeon.
You worshipped Xom.
You were a toy of Xom.
You were not hungry.

You visited 1 branch of the dungeon, and saw 1 of its levels.

You collected 12 gold pieces.

Inventory:

Armour
 a - a +2 leather armour
 c - a +0 ring mail (worn)
Jewellery
 f - a ring of protection from cold (left hand)
Comestibles
 b - a ration


   Skills:
 + Level 3.2 Fighting
 + Level 1.7 Armour
 + Level 1.0 Dodging
 + Level 3.2 Unarmed Combat


You had one spell level left.
You didn't know any spells.
Your spell library was empty.

Dungeon Overview and Level Annotations

Branches:
Dungeon (1/15)

Altars:


Innate Abilities, Weirdness & Mutations

You are slightly more attuned to the shadows.


Message History

The gnoll hits you from afar with a halberd!
Ouch! That really hurt!
A gnoll is nearby!
As you read the scroll labeled KAHUXO NALUSI, it crumbles to dust.
You feel aware of your surroundings.
It was a scroll of magic mapping.
The gnoll barely misses you.
As you read the scroll labeled HIYX CIBIAFOMU, it crumbles to dust.
It is a scroll of identify.
You don't have any unidentified items.
The gnoll hits you from afar with a halberd!
* * * LOW HITPOINT WARNING * * *
Xom plays with reality for a moment.
The ground around you becomes liquefied!
A gnoll is nearby!
Your unstable footing causes you to fumble your attack.
The gnoll closely misses you.
Your unstable footing causes you to fumble your attack.
The gnoll barely misses you.
The gnoll hits you from afar with a halberd.
You die...

######## #......# ###
########.####.######..
#....@.#...........'..
#.####.#.####.######..
*,*,,#g#.####.######..
*,#,,#.#>............#
*,#..#.####.#.######.#
*,#.........#g....##.#
*,#.##.####.#.....##.#
*,#,...#,,..#.....##.#
*,*#####.####.######.#


You could see a gnoll.

Vanquished Creatures
  An ooze (D:1)
  A dart slug (D:1)
  A leopard gecko (D:1)
  A kobold (D:1)
  2 bats (D:1)
  A frilled lizard (D:1)
  2 rats (D:1)
9 creatures vanquished.

Notes
Turn   | Place    | Note
-------+----------+-------------------------------------------
     0 | D:1      | BigChef the Demonspawn Chaos Knight began the quest for the Orb.
     0 | D:1      | Reached XP level 1. HP: 18/18 MP: 1/1
    80 | D:1      | Gained mutation: You are slightly more attuned to the shadows. [demonic ancestry]
    80 | D:1      | Reached XP level 2. HP: 5/24 MP: 2/2
   510 | D:1      | Reached skill level 1 in Dodging
   563 | D:1      | XOM: silly message
   576 | D:1      | XOM: cast spell 'Leda's Liquefaction'
   584 | D:1      | Slain by a gnoll

Vault maps used:
D:1:      dpeg_arrival_chase, serial_park_tiny_1, minmay_pentomino_z4

Skill      XL: |  1  2 |
---------------+-------+-----
Unarmed Combat | 3 |  3.2
Dodging        | 1 |  1.0
Fighting       | |  3.2
Armour         | |  1.7

Action                   || total
-------------------------++-------
Melee: Unarmed           ||    31
       Punch             ||     1
  Use: Scroll            ||     4
       Potion            ||     1
Armor: Leather armour    ||     6
       Ring mail         ||     9
Dodge: Dodged            ||    21

Table legend:
 A = Spawn XP
 B = Non-spawn XP
 C = Spawn XP percentage of total XP
 D = Spawn monster count
 E = Non-spawn monster count
 F = Spawn count percentage of total count
 G = Total turns spent on level
                    A         B        C        D         E        F      G
               +---------+---------+-------+---------+---------+-------+---------
         Total |       0 |      22 |   0.0 |       0 |       9 |   0.0 |   584
               +---------+---------+-------+---------+---------+-------+---------
           D:1 |       0 |      22 |   0.0 |       0 |       9 |   0.0 |   584
               +---------+---------+-------+---------+---------+-------+---------
